[ AOE2 MATCH · #504935197 ]
UnrankedKoreans vs Goths
Player's team · WIN
Rival team · LOSS
[ REPLAY ANALYSIS · EXTRACTED FROM THE RECORDED GAME ]
Feudal
10:58
Castle
19:22
Imperial
32:34
| APM avg | 22.9 |
| APM peak | 60 |
| eAPM avg | 14.5 |
| Villagers / military | 94 / 129 |
Focus
⚔️ 40.9% · 🌾 59.1%
Fire Lancer ×103 · Bombard Cannon ×14 · Iron Pagoda ×6 · Monk ×3 · Trebuchet (Packed) ×2 · Battering Ram ×1
Feudal
10:59
Castle
16:50
Imperial
26:13
| APM avg | 32.8 |
| APM peak | 84 |
| eAPM avg | 18.9 |
| Villagers / military | 92 / 307 |
Focus
⚔️ 36.8% · 🌾 63.2%
Spearman ×108 · Hand Cannoneer ×88 · Huskarl ×42 · Battering Ram ×21 · Militia ×19 · Trebuchet (Packed) ×12
Match map
Initial resources + every placement click. Lines = walls · curves = elevation contours. ◆ gold · ⬟ stone · ● berries · ✦ relic · ◌ wall gap
Your base· ✓ Closed at 19:22 · 0t walls · 3 gate(s)
lodhaaashish's base· ✓ Closed at 16:50 · 0t walls · 2 gate(s)
Smoothed initial terrain · ◌ = detected wall gap · hover for details
Inputs per minute
— DarkAngel2173 - - lodhaaashish
Build order — DarkAngel2173
First 150 of 417 actions detected
| 0:04 | Build | House |
| 0:07 | Build | House |
| 0:09 | Build | House |
| 0:10 | Build | House |
| 0:11 | Queue | Villager (Male) |
| 0:11 | Research | Loom |
| 0:12 | Queue | Villager (Male) |
| 0:12 | Queue | Villager (Male) |
| 0:13 | Queue | Villager (Male) |
| 0:13 | Queue | Villager (Male) |
| 1:53 | Queue | Villager (Male) |
| 2:20 | Queue | Villager (Male) |
| 2:54 | Queue | Villager (Male) |
| 3:12 | Build | Lumber Camp |
| 3:22 | Queue | Villager (Male) |
| 3:34 | Build | House |
| 3:58 | Queue | Villager (Male) |
| 4:21 | Queue | Villager (Male) |
| 4:36 | Queue | Villager (Male) |
| 5:09 | Queue | Villager (Male) |
| 5:18 | Build | House |
| 5:37 | Queue | Villager (Male) |
| 5:45 | Build | Mill |
| 6:09 | Queue | Villager (Male) |
| 6:09 | Queue | Villager (Male) |
| 6:50 | Queue | Villager (Male) |
| 6:52 | Queue | Villager (Male) |
| 7:38 | Queue | Villager (Male) |
| 8:12 | Queue | Villager (Male) |
| 8:35 | Build | Mill |
| 8:48 | Research | Feudal Age |
| 8:48 | Research | Feudal Age |
| 9:38 | Build | Mining Camp |
| 9:45 | Build | Mining Camp |
| 9:52 | Queue | Villager (Male) |
| 9:52 | Queue | Villager (Male) |
| 9:53 | Queue | Villager (Male) |
| 10:05 | Build | Barracks |
| 10:58 | Age | Feudal Age |
| 11:07 | Build | Watch Tower |
| 11:23 | Queue | Villager (Male) |
| 11:23 | Queue | Villager (Male) |
| 11:51 | Build | Watch Tower |
| 11:59 | Build | Watch Tower |
| 12:04 | Build | Watch Tower |
| 12:20 | Build | Mining Camp |
| 12:35 | Build | Farm |
| 12:35 | Build | Farm |
| 12:38 | Build | Farm |
| 12:46 | Queue | Villager (Male) |
| 12:47 | Queue | Villager (Male) |
| 12:59 | Build | Blacksmith |
| 13:02 | Build | House |
| 13:10 | Build | House |
| 13:13 | Build | House |
| 14:00 | Research | Fletching |
| 14:11 | Queue | Villager (Male) |
| 14:12 | Queue | Villager (Male) |
| 14:20 | Build | Farm |
| 14:25 | Build | Farm |
| 14:39 | Build | Farm |
| 14:43 | Build | Market |
| 14:49 | Build | Farm |
| 14:52 | Build | Farm |
| 14:54 | Queue | Villager (Male) |
| 14:56 | Build | Farm |
| 15:04 | Build | Farm |
| 15:20 | Build | Watch Tower |
| 15:38 | Build | Watch Tower |
| 15:45 | Build | Farm |
| 15:45 | Queue | Villager (Male) |
| 15:55 | Queue | Villager (Male) |
| 16:23 | Build | Farm |
| 16:42 | Research | Castle Age |
| 16:46 | Build | Farm |
| 17:16 | Build | Barracks |
| 17:33 | Research | Double-Bit Axe |
| 18:05 | Build | Mining Camp |
| 18:26 | Queue | Villager (Male) |
| 18:27 | Queue | Villager (Male) |
| 19:16 | Queue | Villager (Male) |
| 19:22 | Age | Castle Age |
| 19:27 | Queue | Fire Lancer |
| 19:28 | Queue | Fire Lancer |
| 19:29 | Queue | Fire Lancer |
| 19:29 | Queue | Fire Lancer |
| 19:30 | Queue | Fire Lancer |
| 19:55 | Build | Watch Tower |
| 20:00 | Build | Watch Tower |
| 20:08 | Build | Barracks |
| 20:14 | Queue | Villager (Male) |
| 20:14 | Queue | Villager (Male) |
| 20:15 | Queue | Villager (Male) |
| 20:15 | Queue | Villager (Male) |
| 20:33 | Research | Horse Collar |
| 20:53 | Build | Siege Workshop |
| 21:08 | Build | Siege Workshop |
| 21:16 | Research | Bodkin Arrow |
| 21:41 | Queue | Villager (Male) |
| 21:41 | Queue | Villager (Male) |
| 21:42 | Queue | Villager (Male) |
| 21:57 | Research | Heavy Plow |
| 22:09 | Queue | Fire Lancer |
| 22:09 | Queue | Fire Lancer |
| 22:09 | Queue | Fire Lancer |
| 22:09 | Queue | Fire Lancer |
| 22:17 | Queue | Fire Lancer |
| 22:22 | Queue | Fire Lancer |
| 22:39 | Build | House |
| 22:42 | Build | House |
| 22:46 | Build | House |
| 22:48 | Build | House |
| 22:52 | Build | House |
| 22:55 | Build | House |
| 22:58 | Build | House |
| 23:05 | Research | Stone Mining |
| 23:09 | Research | Gold Mining |
| 23:14 | Queue | Fire Lancer |
| 23:14 | Queue | Fire Lancer |
| 23:26 | Queue | Fire Lancer |
| 23:26 | Queue | Fire Lancer |
| 23:33 | Build | Farm |
| 23:35 | Build | Farm |
| 23:40 | Build | Farm |
| 23:45 | Build | Farm |
| 23:48 | Build | Farm |
| 23:51 | Queue | Villager (Male) |
| 23:51 | Queue | Villager (Male) |
| 23:57 | Queue | Fire Lancer |
| 24:23 | Queue | Villager (Male) |
| 24:23 | Queue | Villager (Male) |
| 24:26 | Build | Farm |
| 24:38 | Build | Lumber Camp |
| 24:58 | Build | Farm |
| 25:02 | Build | Farm |
| 25:07 | Queue | Villager (Male) |
| 25:07 | Queue | Villager (Male) |
| 25:09 | Queue | Villager (Male) |
| 25:40 | Queue | Iron Pagoda |
| 27:16 | Build | Outpost |
| 27:19 | Research | Town Watch |
| 27:20 | Queue | Villager (Male) |
| 27:21 | Queue | Villager (Male) |
| 27:53 | Build | Castle |
| 28:36 | Queue | Iron Pagoda |
| 28:37 | Queue | Iron Pagoda |
| 28:55 | Queue | Villager (Male) |
| 29:00 | Build | Monastery |
| 29:24 | Research | Imperial Age |
| 29:24 | Research | Imperial Age |
Build order — lodhaaashish
First 150 of 427 actions detected
| 0:01 | Queue | Villager (Male) |
| 0:02 | Queue | Villager (Male) |
| 0:02 | Queue | Villager (Male) |
| 0:02 | Queue | Villager (Male) |
| 0:02 | Queue | Villager (Male) |
| 0:04 | Build | House |
| 0:07 | Build | House |
| 1:25 | Queue | Villager (Male) |
| 2:01 | Queue | Villager (Male) |
| 2:01 | Queue | Villager (Male) |
| 2:36 | Queue | Villager (Male) |
| 2:36 | Queue | Villager (Male) |
| 2:56 | Queue | Villager (Male) |
| 3:05 | Build | Lumber Camp |
| 3:15 | Queue | Villager (Male) |
| 3:15 | Queue | Villager (Male) |
| 3:19 | Research | Loom |
| 3:19 | Queue | Villager (Male) |
| 3:20 | Queue | Villager (Male) |
| 4:05 | Build | House |
| 4:08 | Queue | Villager (Male) |
| 4:08 | Queue | Villager (Male) |
| 4:09 | Queue | Villager (Male) |
| 4:34 | Queue | Villager (Male) |
| 4:44 | Build | House |
| 4:53 | Queue | Villager (Male) |
| 4:53 | Queue | Villager (Male) |
| 6:00 | Build | Mill |
| 6:04 | Queue | Villager (Male) |
| 6:04 | Queue | Villager (Male) |
| 6:04 | Queue | Villager (Male) |
| 7:03 | Build | Mining Camp |
| 7:20 | Queue | Villager (Male) |
| 7:50 | Queue | Villager (Male) |
| 7:50 | Queue | Villager (Male) |
| 8:49 | Research | Feudal Age |
| 8:50 | Research | Feudal Age |
| 9:46 | Build | House |
| 10:27 | Queue | Villager (Male) |
| 10:27 | Queue | Villager (Male) |
| 10:59 | Age | Feudal Age |
| 11:03 | Research | Horse Collar |
| 11:10 | Build | Farm |
| 11:10 | Build | Farm |
| 11:11 | Build | Farm |
| 11:12 | Build | Farm |
| 11:12 | Build | Farm |
| 11:22 | Build | Farm |
| 11:48 | Queue | Villager (Male) |
| 12:07 | Build | Market |
| 12:17 | Queue | Villager (Male) |
| 12:25 | Build | Blacksmith |
| 12:33 | Queue | Villager (Male) |
| 12:53 | Build | Farm |
| 13:09 | Queue | Villager (Male) |
| 13:21 | Build | Barracks |
| 13:28 | Queue | Villager (Male) |
| 13:48 | Build | Farm |
| 14:10 | Research | Castle Age |
| 14:27 | Build | Mining Camp |
| 14:53 | Build | Farm |
| 15:49 | Build | House |
| 16:29 | Queue | Villager (Male) |
| 16:29 | Queue | Villager (Male) |
| 16:50 | Age | Castle Age |
| 17:30 | Research | Double-Bit Axe |
| 17:52 | Queue | Villager (Male) |
| 17:52 | Queue | Villager (Male) |
| 18:29 | Build | Monastery |
| 18:35 | Build | Farm |
| 18:41 | Queue | Villager (Male) |
| 18:56 | Build | Siege Workshop |
| 19:18 | Build | Castle |
| 19:23 | Queue | Monk |
| 19:30 | Queue | Villager (Male) |
| 19:31 | Queue | Villager (Male) |
| 19:38 | Build | House |
| 19:54 | Build | Mining Camp |
| 20:09 | Queue | Mangonel |
| 20:14 | Research | Fletching |
| 20:44 | Build | Town Center |
| 20:56 | Queue | Villager (Male) |
| 21:51 | Build | Farm |
| 21:52 | Build | Farm |
| 21:55 | Build | Farm |
| 21:56 | Build | Farm |
| 21:58 | Queue | Villager (Male) |
| 22:03 | Queue | Villager (Male) |
| 22:11 | Queue | Villager (Male) |
| 22:22 | Build | Lumber Camp |
| 22:29 | Build | Lumber Camp |
| 22:30 | Queue | Villager (Male) |
| 22:30 | Queue | Villager (Male) |
| 23:03 | Research | Imperial Age |
| 23:03 | Research | Imperial Age |
| 23:19 | Queue | Villager (Male) |
| 23:26 | Queue | Huskarl |
| 23:27 | Queue | Huskarl |
| 23:30 | Research | Scale Mail Armor |
| 23:30 | Research | Scale Mail Armor |
| 23:42 | Research | Bow Saw |
| 23:42 | Research | Bow Saw |
| 23:48 | Queue | Villager (Male) |
| 23:48 | Queue | Villager (Male) |
| 24:02 | Build | Lumber Camp |
| 24:27 | Build | Farm |
| 24:28 | Build | Farm |
| 24:49 | Build | University |
| 24:54 | Queue | Huskarl |
| 24:54 | Queue | Huskarl |
| 24:54 | Queue | Huskarl |
| 25:16 | Build | House |
| 25:20 | Build | House |
| 25:31 | Queue | Huskarl |
| 25:32 | Research | Chain Mail Armor |
| 25:33 | Research | Chain Mail Armor |
| 25:48 | Research | Heavy Plow |
| 26:05 | Research | Masonry |
| 26:05 | Research | Masonry |
| 26:12 | Queue | Huskarl |
| 26:12 | Queue | Huskarl |
| 26:13 | Age | Imperial Age |
| 26:22 | Queue | Trebuchet (Packed) |
| 26:40 | Queue | Villager (Male) |
| 26:42 | Queue | Villager (Male) |
| 27:20 | Queue | Trebuchet (Packed) |
| 27:51 | Queue | Mangonel |
| 28:35 | Queue | Trebuchet (Packed) |
| 28:48 | Research | Chemistry |
| 28:48 | Research | Chemistry |
| 29:04 | Queue | Huskarl |
| 29:04 | Queue | Huskarl |
| 29:05 | Queue | Huskarl |
| 29:10 | Build | Archery Range |
| 29:21 | Queue | Trebuchet (Packed) |
| 30:38 | Queue | Huskarl |
| 30:38 | Queue | Huskarl |
| 30:38 | Queue | Huskarl |
| 30:48 | Queue | Trebuchet (Packed) |
| 30:48 | Queue | Trebuchet (Packed) |
| 30:51 | Build | Farm |
| 31:03 | Build | House |
| 31:04 | Build | House |
| 31:13 | Research | Elite Skirmisher (upgrade) |
| 31:16 | Queue | Hand Cannoneer |
| 31:16 | Queue | Hand Cannoneer |
| 31:16 | Queue | Hand Cannoneer |
| 31:17 | Queue | Hand Cannoneer |
| 31:21 | Build | Archery Range |
| 31:29 | Build | House |
Match timeline
| 10:05 | DarkAngel2173 · first_building Barracks |
| 10:58 | DarkAngel2173 · age_up feudal |
| 10:59 | lodhaaashish · age_up feudal |
| 13:21 | lodhaaashish · first_building Barracks |
| 15:48 | DarkAngel2173 · first_market_sell 100 wood |
| 16:50 | lodhaaashish · age_up castle |
| 18:29 | lodhaaashish · first_building Monastery |
| 18:56 | lodhaaashish · first_building Siege Workshop |
| 19:18 | lodhaaashish · first_building Castle |
| 19:22 | DarkAngel2173 · age_up castle |
| 20:53 | DarkAngel2173 · first_building Siege Workshop |
| 21:37 | lodhaaashish · first_market_sell 100 stone |
| 22:53 | lodhaaashish · first_market_buy 100 food |
| 24:35 | DarkAngel2173 · first_market_buy 100 wood |
| 26:13 | lodhaaashish · age_up imperial |
| 27:53 | DarkAngel2173 · first_building Castle |
| 29:00 | DarkAngel2173 · first_building Monastery |
| 29:10 | lodhaaashish · first_building Archery Range |
| 32:34 | DarkAngel2173 · age_up imperial |
| 52:07 | lodhaaashish · first_building Stable |
| 62:01 | lodhaaashish · resign |
[ AI ANALYSIS · 1 CREDIT ]
What really happened in this match?
Wolo.gg analyzes every decision: build order, eco, micro, common mistakes by bracket. Personalized analysis on WhatsApp or Discord in 30 seconds.
Civ guide
Koreans
Perfil
DarkAngel2173